 Dungeon Crawl Stone Soup version 0.21.0-34-g9234887 (webtiles) character file.

243 garbagetei the Magician (level 5, -3/29 HPs)
             Began as a Deep Elf Wizard on Jan 29, 2018.
             Slain by Grinder (4 damage)
             ... while paralysed by Grinder
             ... on level 3 of the Dungeon.
             The game lasted 00:13:43 (3658 turns).

garbagetei the Magician (Deep Elf Wizard)           Turns: 3658, Time: 00:13:43

Health: -3/29      AC:  5    Str:  4    XL:     5   Next: 82%
Magic:  10/16      EV:  2    Int: 24    God:
Gold:   150        SH:  0    Dex: 13    Spells: 6/17 levels left

rFire    . . .     SeeInvis .   (no weapon)
rCold    . . .     Gourm    +   (no shield)
rNeg     . . .     Faith    .   i - +0 robe
rPois    .         Spirit   .   b - +2 hat
rElec    .         Reflect  .   (no cloak)
rCorr    .         Harm     .   (no gloves)
MR       .....                  l - +0 pair of boots (curse)
Stlth    ++........             f - amulet of the gourmand
HPRegen  0.09/turn              (no ring)
MPRegen  0.15/turn              (no ring)

@: paralysed
A: no striking features
a: no special abilities


You were on level 3 of the Dungeon.
You were completely stuffed.

You visited 1 branch of the dungeon, and saw 4 of its levels.

You collected 150 gold pieces.

Inventory:

Missiles
 r - 5 needles of frenzy
Armour
 a - a +0 robe
 b - a +2 hat (worn)
 i - a +0 robe (worn)
 l - a cursed +0 pair of boots (worn)
 p - a +0 helmet
Jewellery
 f - an amulet of the gourmand (around neck)
 q - a cursed amulet of inaccuracy
 s - an uncursed ring of fire {unknown}
Scrolls
 h - a scroll of enchant armour
 m - a scroll of amnesia
 n - a scroll of teleportation
 o - a scroll of fog
Potions
 e - 2 potions of flight
 g - a potion of agility
 j - a potion of ambrosia {unknown}
 k - a potion of lignification
 t - a potion of cancellation {unknown}
Books
 c - a book of Minor Magic

   Spells                             Type                      Level
   a - Magic Dart                     Conjuration                  1
   b - Blink                          Translocation                2
   c - Call Imp                       Summoning                    2
   d - Slow                           Hexes                        2
   e - Conjure Flame                  Conjuration/Fire             3
   f - Mephitic Cloud                 Conjuration/Poison/Air       3
Comestibles
 d - 5 rations


   Skills:
 * Level 1.4 Fighting
 + Level 2.7 Dodging
 + Level 3.3 Stealth
 + Level 6.5 Spellcasting
 * Level 3.5 Conjurations
 + Level 1.1 Summonings
 + Level 1.5 Translocations


You had 6 spell levels left.
You knew the following spells:

 Your Spells              Type           Power        Failure   Level  Hunger
a - Magic Dart            Conj           ####         1%          1    None
b - Mephitic Cloud        Conj/Pois/Air  ##......     14%         3    None
c - Blink                 Tloc           N/A          6%          2    None
d - Conjure Flame         Conj/Fire      ###.....     11%         3    None
e - Call Imp              Summ           ##......     7%          2    None


Dungeon Overview and Level Annotations

Branches:
Dungeon (4/15)
 Temple: D:4-7

Altars:

Annotations:
D:3 Grinder


Message History

Confirm with . or Enter, or press ? or * to list all spells.
Aiming: Magic Dart
Press: ? - help, Shift-Dir - straight line, f/p - Grinder
Aim: Grinder (moderately wounded)
The magic dart hits Grinder.
Grinder is moderately wounded.
Grinder gestures at you.
You suddenly lose the ability to move!
Your white imp hits Grinder but does no damage.
Grinder hits you.
Your white imp closely misses Grinder.
Grinder hits you.
You writhe in agony.
Your white imp hits Grinder.
Your white imp freezes Grinder.
Grinder resists.
Grinder hits you.
You writhe in agony.
* * * LOW HITPOINT WARNING * * *
Your white imp gestures at Grinder.
The puff of frost hits Grinder.
Grinder resists.
Grinder hits you.
* * * LOW HITPOINT WARNING * * *
You writhe in agony.
You die...

....#......#####.#
### ###...###.##
#.# #.. ##.######
#.# #.. #...# #.#
#≈≈≈### ###.# #.#
#≈≈≈#
#.#########.##
#≈≈≈#
#............#
#≈.≈#..
###..########..#
#{≈≈### #....#
#@5# #≈≈≈# #.#.##
#55# #≈≈≈# #.#.#
#........# #≈≈≈#
####.#.#
##$#####.# #...#
.....#.# #.# #.#
##..# ###).#.# #.(
#.# ##.###
#..#.#######
####.##.# #§...
#..#.......#
#.##.# #.###
#..#######.#
#.##.# ##l#.#


You could see Grinder, a friendly crimson imp and a friendly white imp.

Vanquished Creatures
  A howler monkey (D:2)
  Jessica (D:2)
  7 adders
  2 oozes
  4 worms (D:2)
  2 dart slugs (D:3)
  3 leopard geckos
  An orc (D:3)
  A ball python (D:3)
  9 giant cockroaches
  10 goblins
  16 hobgoblins
  A jackal (D:1)
  A quokka (D:2)
  12 bats
  3 frilled lizards
  10 kobolds
  3 rats
87 creatures vanquished.

Notes
Turn   | Place    | Note
-------+----------+-------------------------------------------
     0 | D:1      | garbagetei the Deep Elf Wizard began the quest for the Orb.
     0 | D:1      | Reached XP level 1. HP: 10/10 MP: 7/7
   134 | D:1      | Reached skill level 5 in Spellcasting
   169 | D:1      | Reached XP level 2. HP: 15/15 MP: 6/10
   730 | D:1      | Reached XP level 3. HP: 20/20 MP: 7/11
   735 | D:1      | Learned a level 3 spell: Mephitic Cloud
   744 | D:1      | Learned a level 2 spell: Blink
  1217 | D:2      | Noticed Jessica
  1607 | D:2      | Killed Jessica
  1607 | D:2      | Reached XP level 4. HP: 24/24 MP: 5/13
  1767 | D:1      | Reached skill level 1 in Fighting
  1986 | D:2      | Reached skill level 6 in Spellcasting
  1994 | D:2      | Reached XP level 5. HP: 28/29 MP: 1/15
  2128 | D:3      | Noticed a sky beast
  2686 | D:3      | Noticed Grinder
  3639 | D:3      | Learned a level 3 spell: Conjure Flame
  3642 | D:3      | Learned a level 2 spell: Call Imp
  3654 | D:3      | Paralysed by Grinder for 7 turns
  3658 | D:3      | HP: 1/29 [Grinder (4)]
  3658 | D:3      | Slain by Grinder

Skill      XL: |  1  2  3  4  5 |
---------------+----------------+-----
Spellcasting   | 5 6 |  6.5
Stealth        | 3 |  3.3
Conjurations   | 2 3 |  3.5
Fighting       | 1 |  1.4
Dodging        | |  2.7
Summonings     | |  1.1
Translocations | |  1.5

Action                   |  1- 3 |  4- 6 || total
-------------------------+-------+-------++-------
Melee: Unarmed           |       |     5 ||     5
 Cast: Magic Dart        |    86 |   170 ||   256
       Blink             |     2 |       ||     2
       Mephitic Cloud    |     1 |     2 ||     3
       Call Imp          |       |     2 ||     2
  Use: Scroll            |     4 |     8 ||    12
       Potion            |       |     1 ||     1
  Eat: Chunk             |     8 |    13 ||    21
Armor: Robe              |     3 |    10 ||    13
Dodge: Dodged            |    26 |    52 ||    78
